 Dungeon Crawl Stone Soup version 0.30.0-29-ga12c61a403 (webtiles) character file.

Game seed: 17696093553514809742

198 monsoonserge the Trooper (level 5, 0/42 HPs)
             Began as a Demonspawn Monk on June 5, 2023.
             Slain by a gnoll
             ... wielding a +0 spear
              (4 damage)
             ... on level 2 of the Dungeon.
             The game lasted 00:03:56 (1149 turns).

monsoonserge the Trooper (Demonspawn Monk)          Turns: 1149, Time: 00:03:58

Health: 0/42       AC:  3    Str: 11    XL:     5   Next: 47%
Magic:  3/5        EV: 12    Int: 13    God:
Gold:   112        SH:  0    Dex: 16    Spells: 2/4 levels left

rFire   . . .        n - +1 dagger (venom)
rCold   . . .        d - orb {light}
rNeg    . . .        f - +0 leather armour
rPois   .            (no helmet)
rElec   .            (no cloak)
rCorr   .            (no gloves)
SInv    .            (no boots)
Will    .....        (no amulet)
Stlth   +            (no ring)
HPRegen 0.27/turn    (no ring)
MPRegen 0.09/turn

%: no passive effects
@: mighty, on blink cooldown, glowing
A: powered by pain 2, weakness stinger 1
a: no special abilities


You were on level 2 of the Dungeon.
You visited 1 branch of the dungeon, and saw 2 of its levels.

You collected 112 gold pieces.

Inventory:

Hand Weapons
 a - a +0 falchion
 n - a +1 dagger of venom (weapon)
Armour
 b - a +0 robe
 d - an orb of light (worn)
 e - a +0 chain mail
 f - a +0 leather armour (worn)
Jewellery
 o - a ring of positive energy
Scrolls
 i - a scroll of identify {unknown}
 k - a scroll of acquirement {unknown}
Potions
 c - a potion of ambrosia
 g - a potion of heal wounds {unknown}
 h - 2 potions of haste {unknown}
 j - a potion of lignification {unknown}
 l - 2 potions of might {unknown}
 m - a potion of curing {unknown}
 p - a potion of flight {unknown}


   Skills:
 + Level 3.9 Fighting
 + Level 1.2(2.6) Short Blades
 + Level 3.7(3.8) Long Blades
 * Level 2.2 Armour
 + Level 3.3 Dodging


You had 2 spell levels left.
You knew the following spells:

 Your Spells              Type           Power      Damage    Failure   Level
a - Blink                 Tloc           0%         N/A       52%         2

Your spell library contained the following spells:

 Spells                   Type           Power      Damage    Failure   Level
 Lesser Beckoning         Tloc           0%         N/A       52%         2
 Momentum Strike          Conj/Tloc      0%         3d8       52%         2


Dungeon Overview and Level Annotations

Branches:
Dungeon (2/15)

Altars:


Innate Abilities, Weirdness & Mutations

You sometimes gain power by taking damage.
You have a small tail.


Message History

Okay, then.
p - a metallic clear potion
Things that are here:
a +0 scythe; a +0 robe This spell is dangerous to cast!
Memorise Blink, consuming 2 spell levels and leaving 2?
You start memorising the spell.
You continue memorising. x2
You finish memorising.
Spell assigned to 'a'.
The gnoll barely misses you.
A gnoll comes into view. It is wielding a +0 halberd.
The gnoll shouts!
The gnoll hits you but does no damage.
The gnoll moves out of view.
You hit the gnoll.
The gnoll is lightly wounded.
The gnoll closely misses you.
You hit the gnoll but do no damage.
The gnoll is lightly wounded.
The gnoll completely misses you.
A gnoll comes into view. It is wielding a +0 flail.
You barely miss the gnoll.
The gnoll is lightly wounded.
The gnoll shouts!
The gnoll hits you but does no damage.
You hit the gnoll.
The gnoll is moderately wounded.
The gnoll hits you from afar with a +0 halberd!
The gnoll completely misses you.
You hit the gnoll.
The gnoll is poisoned.
The gnoll is heavily wounded.
The gnoll hits you from afar with a +0 halberd!
You focus on the pain.
You feel very mighty all of a sudden.
Unknown command.
Casting: Blink (dangerous; 52% risk of failure)
Confirm with . or Enter, or press ? or * to list all spells.
You blink.
The gnoll hits you from afar with a +0 halberd!
* * * LOW HITPOINT WARNING * * *
The gnoll hits you from afar with a +0 spear.
You die...

#.( #..#.#.
.....(.......###
##. . ##. #
..#####...#### .#
#.#...#...## #
##.#...##...##
##..!)...)....#
.........#.##.....
.###.g§##.# #.....
#...##)# .#..#
#@.gg#.# ...#
#........ ....
#####.##. ..
...... ......##
#.g.## #..


You could see 3 gnolls.

Vanquished Creatures
  Sigmund (D:2)
  A gnoll (D:2)
  A worm (D:2)
  4 giant cockroaches
  A hobgoblin (D:1)
  A quokka (D:1)
  7 ball pythons
  A bat (D:2)
  4 frilled lizards
  3 goblins (D:1)
  3 kobolds
  4 rats
31 creatures vanquished.

Notes
Turn   | Place    | Note
-------+----------+-------------------------------------------
     0 | D:1      | monsoonserge the Demonspawn Monk began the quest for the
                  | Orb.
     0 | D:1      | Reached XP level 1. HP: 18/18 MP: 1/1
   528 | D:1      | Gained mutation: You sometimes gain a little power by
                  | taking damage. [demonic ancestry]
   528 | D:1      | Reached XP level 2. HP: 17/24 MP: 2/2
  1108 | D:2      | Noticed Sigmund
  1122 | D:2      | Killed Sigmund
  1123 | D:2      | Reached skill level 1 in Short Blades
  1123 | D:2      | Gained mutation: You have a small tail. [demonic ancestry]
  1123 | D:2      | Reached XP level 3. HP: 25/30 MP: 3/3
  1123 | D:2      | Gained mutation: You sometimes gain power by taking damage.
                  | [demonic ancestry]
  1123 | D:2      | Reached XP level 4. HP: 31/37 MP: 4/4
  1123 | D:2      | Reached XP level 5. HP: 35/42 MP: 5/5
  1142 | D:2      | Learned a level 2 spell: Blink
  1149 | D:2      | Slain by a gnoll

Illustrated notes

Levels and vault maps discovered:
D:1:      minmay_arrival_doors, layout_basic, serial_corexii_hall,
          chequers_hall_statues_wall_a, corexii_hall_statues_deadend,
          columned_hall_lemuel, grunt_decor_one_mirror,
          amcnicky_mini_rare_corridor_liquid
D:2:      layout_rooms, minmay_pentomino_pile, uniq_sigmund

Skill      XL: |  1  2 |
---------------+-------+-----
Long Blades    | 3 |  3.7
Dodging        | 3 |  3.3
Short Blades   | 1 |  1.2
Armour         | 2 |  2.2
Fighting       | |  3.9

Action                     |  1- 3 |  4- 6 || total
---------------------------+-------+-------++-------
  Melee: Falchion          |    42 |       ||    42
         Dagger            |    26 |    14 ||    40
         Tailslap          |       |     4 ||     4
   Cast: Blink             |       |     1 ||     1
 Armour: Leather armour    |    13 |     2 ||    15
  Dodge: Dodged            |    45 |     8 ||    53
